NYP
MINNESOTA (NYP) TWINS @ HUDSON VALLEY RENEGADES
05/14/2044
 
TOP OF THE 1ST
Minnesota (NYP) Twins batting - Pitching for Hudson Valley Renegades : RHP Kyle Thomas
Pitching: RHP Kyle Thomas
Batting: LHB Chris Munguia 0-0: Swinging Strike
0-1: Swinging Strike
0-2: Foul Ball, location: 2F
0-2: Foul Ball, location: 2F
0-2: Foul Ball, location: 2F
0-2: Foul Ball, location: 2F
0-2: Ball
1-2: Strikes out swinging
Batting: RHB David Nardone 0-0: Foul Ball, location: 2F
0-1: Ball
1-1: Swinging Strike
1-2: DOUBLE (Line Drive, 7LS, EV 101.9 MPH)
Batting: RHB Miguel Diaz 0-0: Called Strike
0-1: Ball
1-1: Ball
2-1: Called Strike
2-2: SINGLE (Flyball, 8LS, EV 96.3 MPH)
David Nardone to third
Runner from 3rd tries for Home, SAFE, throw by CF to home
Batting: RHB Michael McDonald 0-0: Foul Ball, location: 2F
0-1: Called Strike
0-2: Strikes out swinging
Batting: RHB Sean Gould 0-0: Ball
1-0: Foul Ball, location: 2F
1-1: Swinging Strike
1-2: Ball
Wild Pitch!
Miguel Diaz to second
2-2: Strikes out swinging
Top of the 1st over - 1 run, 2 hits, 0 errors, 1 left on base; Minnesota (NYP) 1 - Hudson Valley 0
BOTTOM OF THE 1ST
Hudson Valley Renegades batting - Pitching for Minnesota (NYP) Twins : RHP Dean Huch
Pitching: RHP Dean Huch
Batting: RHB Jesse Haddad 0-0: Called Strike
0-1: Ball
1-1: Ball
2-1: Swinging Strike
2-2: Ball
3-2: Foul Ball, location: 2F
3-2: DOUBLE (Line Drive, 89D, EV 113.1 MPH)
Batting: SHB Josif Popovski 0-0: Ball
1-0: Ball
2-0: Ground out 6-3 (Groundball, 4M, EV 104.4 MPH)
Jesse Haddad to third
Batting: RHB Freddy Mullen 0-0: Swinging Strike
0-1: Swinging Strike
0-2: Strikes out swinging
Batting: SHB Suljo Dokic 0-0: Ball
1-0: Swinging Strike
1-1: Ball
2-1: Called Strike
2-2: Ground out 6-3 (Groundball, 6, EV 87.5 MPH)
Bottom of the 1st over - 0 runs, 1 hit, 0 errors, 1 left on base; Minnesota (NYP) 1 - Hudson Valley 0
TOP OF THE 2ND
Minnesota (NYP) Twins batting - Pitching for Hudson Valley Renegades : RHP Kyle Thomas
Batting: RHB Graham Calvert 0-0: Ball
1-0: Ball
2-0: Ball
3-0: Base on Balls
Batting: RHB Tony Crespo 0-0: Called Strike
0-1: Ball
1-1: Called Strike
1-2: Ball
2-2: SINGLE (Groundball, 4MD, EV 96.3 MPH)
Graham Calvert to second
Batting: LHB Seung-jun Chang 0-0: Swinging Strike
0-1: Foul Ball, location: 2F
0-2: Foul Ball, location: 2F
0-2: Foul Ball, location: 2F
0-2: Ball
1-2: Foul Ball, location: 2F
1-2: Ball
2-2: Ball
3-2: Fielders Choice at 2nd, 4-6 (Groundball, 4, EV 104.4 MPH)
Graham Calvert to third
Batting: SHB Donell Burney 0-0: Called Strike
Seung-jun Chang steals 2nd base
0-1: Foul Ball, location: 2F
0-2: TRIPLE (Flyball, 8RXD, EV 100.6 MPH)
Graham Calvert scores
Seung-jun Chang scores
Batting: LHB Chris Munguia 0-0: SINGLE (Groundball, 3, EV 98.8 MPH)
Donell Burney scores
Batting: RHB David Nardone 0-0: Called Strike
0-1: Fly out, F9 (Flyball, 8RM, EV 78.1 MPH)
Batting: RHB Miguel Diaz 0-0: Ball
Chris Munguia steals 2nd base
1-0: Swinging Strike
1-1: Called Strike
1-2: SINGLE (Groundball, 4MD, EV 101.3 MPH)
Chris Munguia to third
Runner from 3rd tries for Home, SAFE, throw by CF to home
Miguel Diaz to second
Pitching: RHP Takamori Sugahara
Batting: RHB Michael McDonald 0-0: Ground out 6-3 (Groundball, 6, EV 103.1 MPH)
Top of the 2nd over - 4 runs, 4 hits, 0 errors, 1 left on base; Minnesota (NYP) 5 - Hudson Valley 0
BOTTOM OF THE 2ND
Hudson Valley Renegades batting - Pitching for Minnesota (NYP) Twins : RHP Dean Huch
Batting: LHB Killian Chaumont 0-0: Ball
1-0: Ball
2-0: Ball
3-0: Base on Balls
Batting: RHB Mark Richert 0-0: Fly out, F7 (Flyball, 7, EV 86.9 MPH)
Batting: RHB Khalil Walker 0-0: Called Strike
0-1: Called Strike
0-2: Ball
1-2: Fielders Choice at 2nd, 6-4 (Groundball, 6, EV 86.3 MPH)
Batting: RHB Chris Glavin 0-0: DOUBLE (Groundball, 5L, EV 100.6 MPH)
Khalil Walker to third
Batting: RHB Jesus Baires 0-0: Foul Ball, location: 2F
0-1: Swinging Strike
0-2: Strikes out looking
Bottom of the 2nd over - 0 runs, 1 hit, 0 errors, 2 left on base; Minnesota (NYP) 5 - Hudson Valley 0
TOP OF THE 3RD
Minnesota (NYP) Twins batting - Pitching for Hudson Valley Renegades : RHP Takamori Sugahara
Batting: RHB Sean Gould 0-0: Ball
1-0: Foul Ball, location: 2F
1-1: Ball
2-1: SINGLE (Groundball, 4D, EV 94.4 MPH)
Batting: RHB Graham Calvert 0-0: Swinging Strike
0-1: Ball
1-1: Foul Ball, location: 2F
1-2: Strikes out looking
Batting: RHB Tony Crespo 0-0: Foul Ball, location: 2F
0-1: Fielders Choice at 2nd, 6-4 (Groundball, 6M, EV 90.0 MPH)
Batting: LHB Seung-jun Chang 0-0: Ball
Tony Crespo steals 2nd base
1-0: Ball
Balk!
Tony Crespo to third
2-0: Ball
3-0: Foul Ball, location: 2F
3-1: Ground out 4-3 (Groundball, 4S, EV 85.0 MPH)
Top of the 3rd over - 0 runs, 1 hit, 0 errors, 1 left on base; Minnesota (NYP) 5 - Hudson Valley 0
BOTTOM OF THE 3RD
Hudson Valley Renegades batting - Pitching for Minnesota (NYP) Twins : RHP Dean Huch
Batting: RHB Jesse Haddad 0-0: Ground out 5-3 (Groundball, 56, EV 105.0 MPH)
Batting: SHB Josif Popovski 0-0: Foul Ball, location: 2F
0-1: Foul Ball, location: 2F
0-2: Foul Ball, location: 2F
0-2: Foul Ball, location: 2F
0-2: Ground out 4-3 (Groundball, 4, EV 86.3 MPH)
Batting: RHB Freddy Mullen 0-0: Foul Ball, location: 2F
0-1: Fly out, F9 (Flyball, 9, EV 90.0 MPH)
Bottom of the 3rd over - 0 runs, 0 hits, 0 errors, 0 left on base; Minnesota (NYP) 5 - Hudson Valley 0
TOP OF THE 4TH
Minnesota (NYP) Twins batting - Pitching for Hudson Valley Renegades : RHP Takamori Sugahara
Batting: SHB Donell Burney 0-0: Ball
1-0: Ball
2-0: Called Strike
2-1: Foul Ball, location: 2F
2-2: Foul Ball, location: 2F
2-2: Strikes out swinging
Batting: LHB Chris Munguia 0-0: Called Strike
0-1: Ground out U3 (Groundball, 3, EV 85.0 MPH)
Batting: RHB David Nardone 0-0: Ball
1-0: Fly out, F8 (Line Drive, 8LD, EV 93.1 MPH)
Top of the 4th over - 0 runs, 0 hits, 0 errors, 0 left on base; Minnesota (NYP) 5 - Hudson Valley 0
BOTTOM OF THE 4TH
Hudson Valley Renegades batting - Pitching for Minnesota (NYP) Twins : RHP Dean Huch
Batting: SHB Suljo Dokic 0-0: Called Strike
0-1: Ball
1-1: Ball
2-1: Foul Ball, location: 2F
2-2: Foul Ball, location: 2F
2-2: Ball
3-2: Fly out, F6 (Popup, 6M, EV 63.1 MPH)
Batting: LHB Killian Chaumont 0-0: Swinging Strike
0-1: Foul Ball, location: 2F
0-2: Ground out 6-3 (Groundball, 6MS, EV 70.6 MPH)
Batting: RHB Mark Richert 0-0: Called Strike
0-1: Ball
1-1: Ball
2-1: Foul Ball, location: 2F
2-2: Foul Ball, location: 2F
2-2: Ball
3-2: Base on Balls
Batting: RHB Khalil Walker 0-0: Ball
1-0: Fly out, F4 (Line Drive, 4, EV 70.0 MPH)
Bottom of the 4th over - 0 runs, 0 hits, 0 errors, 1 left on base; Minnesota (NYP) 5 - Hudson Valley 0
TOP OF THE 5TH
Minnesota (NYP) Twins batting - Pitching for Hudson Valley Renegades : RHP Takamori Sugahara
Batting: RHB Miguel Diaz 0-0: Ball
1-0: Fly out, F8 (Flyball, 8LXD, EV 103.1 MPH)
Batting: RHB Michael McDonald 0-0: Ball
1-0: Foul Ball, location: 2F
1-1: Foul Ball, location: 2F
1-2: Strikes out swinging
Batting: RHB Sean Gould 0-0: Swinging Strike
0-1: Foul Ball, location: 2F
0-2: Ball
1-2: Ball
2-2: Ball
3-2: Ground out U3 (Groundball, 3, EV 91.3 MPH)
Top of the 5th over - 0 runs, 0 hits, 0 errors, 0 left on base; Minnesota (NYP) 5 - Hudson Valley 0
BOTTOM OF THE 5TH
Hudson Valley Renegades batting - Pitching for Minnesota (NYP) Twins : RHP Dean Huch
Batting: RHB Chris Glavin 0-0: Called Strike
0-1: Foul Ball, location: 2F
0-2: Ball
1-2: Foul Ball, location: 2F
1-2: SOLO HOME RUN (Line Drive, 7D, EV 99.4 MPH), Distance : 386 ft
Pitching: RHP Kevin Colgin
Batting: RHB Jesus Baires 0-0: Called Strike
0-1: Ball
1-1: Called Strike
1-2: Ball
2-2: Ground out 6-3 (Groundball, 6MD, EV 76.9 MPH)
Batting: RHB Jesse Haddad 0-0: Called Strike
0-1: Ball
1-1: SINGLE (Groundball, 56D, EV 96.9 MPH)
Batting: SHB Josif Popovski 0-0: Ball
1-0: Ball
Wild Pitch!
Jesse Haddad to second
2-0: Ground out U3 (Groundball, 3, EV 87.5 MPH)
Jesse Haddad to third
Batting: RHB Freddy Mullen 0-0: Ball
1-0: Swinging Strike
1-1: Swinging Strike
1-2: Foul Ball, location: 2F
1-2: Ball
2-2: Foul Ball, location: 2F
2-2: DOUBLE (Line Drive, 89XD, EV 106.9 MPH)
Jesse Haddad scores
Pitching: RHP Matt Lundy
Batting: SHB Suljo Dokic 0-0: Called Strike
0-1: Ball
1-1: Foul Ball, location: 2F
1-2: Ball
2-2: Fly out, F5 (Flyball, 56D, EV 78.1 MPH)
Bottom of the 5th over - 2 runs, 3 hits, 0 errors, 1 left on base; Minnesota (NYP) 5 - Hudson Valley 2
TOP OF THE 6TH
Minnesota (NYP) Twins batting - Pitching for Hudson Valley Renegades : RHP Takamori Sugahara
Batting: RHB Graham Calvert 0-0: Called Strike
0-1: Ball
1-1: Called Strike
1-2: Ball
2-2: SOLO HOME RUN (Flyball, 78XD, EV 113.8 MPH), Distance : 416 ft
Batting: RHB Tony Crespo 0-0: Called Strike
0-1: Ball
1-1: Called Strike
1-2: Foul Ball, location: 2F
1-2: Strikes out swinging
Batting: LHB Seung-jun Chang 0-0: Ball
1-0: Fly out, F6 (Flyball, 56D, EV 90.6 MPH)
Batting: SHB Donell Burney 0-0: Ball
1-0: Foul Ball, location: 2F
1-1: Foul Ball, location: 2F
1-2: Ball
2-2: Foul Ball, location: 2F
2-2: Fly out, F4 (Line Drive, 4, EV 67.5 MPH)
Top of the 6th over - 1 run, 1 hit, 0 errors, 0 left on base; Minnesota (NYP) 6 - Hudson Valley 2
BOTTOM OF THE 6TH
Hudson Valley Renegades batting - Pitching for Minnesota (NYP) Twins : RHP Matt Lundy
Batting: LHB Killian Chaumont 0-0: Ball
1-0: Ball
2-0: Ball
3-0: Base on Balls
Batting: RHB Mark Richert 0-0: Ball
1-0: Fly out, F8 (Flyball, 8RD, EV 103.1 MPH)
Batting: RHB Khalil Walker 0-0: Called Strike
0-1: SINGLE (Groundball, 6MD, EV 100.0 MPH)
Killian Chaumont to second
Runner from 2nd tries for 3rd, SAFE, throw by CF made to third
Batting: RHB Chris Glavin 0-0: Ball
1-0: Ball
2-0: Ball
Khalil Walker steals 2nd base
3-0: Called Strike
3-1: SINGLE (Groundball, 6MD, EV 100.0 MPH)
Killian Chaumont scores
Khalil Walker to third
Runner from 3rd tries for Home, SAFE, throw by CF to home
Batting: RHB Jesus Baires 0-0: Ball
Chris Glavin steals 2nd base
1-0: Fly out, F9 (Flyball, 89S, EV 87.5 MPH)
Batting: RHB Jesse Haddad 0-0: Called Strike
0-1: Foul Ball, location: 2F
0-2: Ball
1-2: Foul Ball, location: 2F
1-2: Ball
2-2: Ball
3-2: Foul Ball, location: 2F
3-2: Base on Balls
Batting: SHB Josif Popovski 0-0: Called Strike
0-1: SINGLE (Groundball, 56D, EV 94.4 MPH)
Chris Glavin to third
Jesse Haddad to second
Runner from 3rd tries for Home, SAFE, throw by LF to home
Batting: RHB Freddy Mullen 0-0: Called Strike
0-1: Ball
1-1: Foul Ball, location: 2F
1-2: Ball
2-2: Foul Ball, location: 2F
2-2: Ball
3-2: Base on Balls
Jesse Haddad to third
Josif Popovski to second
Batting: SHB Suljo Dokic 0-0: Ball
1-0: Ball
2-0: Ball
3-0: Called Strike
3-1: Base on Balls
Jesse Haddad scores
Josif Popovski to third
Freddy Mullen to second
Batting: LHB Killian Chaumont 0-0: Ball
1-0: Ball
2-0: Ball
3-0: Called Strike
3-1: Base on Balls
Josif Popovski scores
Freddy Mullen to third
Suljo Dokic to second
Batting: RHB Mark Richert 0-0: Ball
1-0: Called Strike
1-1: SINGLE (Groundball, 13S, EV 60.6 MPH) (infield hit)
Freddy Mullen scores
Suljo Dokic to third
Killian Chaumont to second
Batting: RHB Khalil Walker 0-0: Swinging Strike
0-1: Ball
1-1: Swinging Strike
1-2: Ball
2-2: Ball
3-2: SINGLE (Line Drive, 89S, EV 94.4 MPH)
Suljo Dokic scores
Killian Chaumont to third
Mark Richert to second
Killian Chaumont scores
Mark Richert to third
Pitching: RHP Gustavo Pacheco
Batting: RHB Chris Glavin 0-0: Called Strike
0-1: Ball
1-1: Ball
2-1: Foul Ball, location: 2F
2-2: Ball
3-2: Foul Ball, location: 2F
3-2: Foul Ball, location: 2F
3-2: Base on Balls
Khalil Walker to second
Batting: RHB Jesus Baires 0-0: Ball
1-0: Called Strike
1-1: Fly out, F4 (Flyball, 4D, EV 84.4 MPH)
Bottom of the 6th over - 8 runs, 5 hits, 0 errors, 3 left on base; Minnesota (NYP) 6 - Hudson Valley 10
TOP OF THE 7TH
Minnesota (NYP) Twins batting - Pitching for Hudson Valley Renegades : RHP Takamori Sugahara
Pitching: RHP Chris Marino
Batting: LHB Chris Munguia 0-0: Ball
1-0: Ground out 5-3 (Groundball, 5, EV 88.8 MPH)
Batting: RHB David Nardone 0-0: Ball
1-0: Foul Ball, location: 2F
1-1: Ball
2-1: Swinging Strike
2-2: Strikes out swinging
Batting: RHB Miguel Diaz 0-0: Foul Ball, location: 2F
0-1: Swinging Strike
0-2: Strikes out swinging
Top of the 7th over - 0 runs, 0 hits, 0 errors, 0 left on base; Minnesota (NYP) 6 - Hudson Valley 10
BOTTOM OF THE 7TH
Hudson Valley Renegades batting - Pitching for Minnesota (NYP) Twins : RHP Gustavo Pacheco
Batting: RHB Jesse Haddad 0-0: Ball
1-0: Called Strike
1-1: Ball
2-1: Foul Ball, location: 2F
2-2: Ball
3-2: Ground out 4-3 (Groundball, 4, EV 77.5 MPH)
Batting: SHB Josif Popovski 0-0: SINGLE (Groundball, 5S, EV 67.5 MPH) (infield hit)
Batting: RHB Freddy Mullen 0-0: Called Strike
Josif Popovski steals 2nd base
0-1: Ball
1-1: Ball
2-1: SINGLE (Groundball, 56S, EV 75.6 MPH) (infield hit)
Josif Popovski to third
Batting: SHB Suljo Dokic 0-0: Ball
1-0: Foul Ball, location: 2F
1-1: SINGLE (Flyball, 5D, EV 96.3 MPH)
Josif Popovski scores
Freddy Mullen to second
Batting: LHB Killian Chaumont 0-0: Ball
1-0: Ball
Wild Pitch!
Freddy Mullen to third
Suljo Dokic to second
2-0: Ball
Balk!
Freddy Mullen scores
Suljo Dokic to third
3-0: Called Strike
3-1: Base on Balls
Batting: RHB Mark Richert 0-0: Foul Ball, location: 2F
0-1: Ball
1-1: Fly out, F5 (Popup, 25, EV 75.6 MPH)
Batting: RHB Khalil Walker 0-0: Ball
1-0: Ball
Balk!
Suljo Dokic scores
Killian Chaumont to second
2-0: Ball
3-0: Called Strike
3-1: Ground out 6-3 (Groundball, 56, EV 94.4 MPH)
Bottom of the 7th over - 3 runs, 3 hits, 0 errors, 1 left on base; Minnesota (NYP) 6 - Hudson Valley 13
TOP OF THE 8TH
Minnesota (NYP) Twins batting - Pitching for Hudson Valley Renegades : RHP Chris Marino
Batting: RHB Michael McDonald 0-0: Called Strike
0-1: Called Strike
0-2: Foul Ball, location: 2F
0-2: Strikes out looking
Pinch Hitting: RHB Chris Starcher 0-0: Called Strike
0-1: Swinging Strike
0-2: Strikes out swinging
Batting: RHB Graham Calvert 0-0: Ball
1-0: Ball
2-0: Foul Ball, location: 2F
2-1: Foul Ball, location: 2F
2-2: Ball
3-2: Base on Balls
Pinch Hitting: LHB Brian Zick 0-0: Ball
1-0: Called Strike
1-1: Swinging Strike
1-2: Ball
2-2: Foul Ball, location: 2F
2-2: Strikes out swinging
Top of the 8th over - 0 runs, 0 hits, 0 errors, 1 left on base; Minnesota (NYP) 6 - Hudson Valley 13
BOTTOM OF THE 8TH
Hudson Valley Renegades batting - Pitching for Minnesota (NYP) Twins : RHP Gustavo Pacheco
Now at 2B: Chris Starcher
Now in CF: Chris Munguia
Now in RF: Brian Zick
Pinch Hitting: RHB Orlando Herrera 0-0: Foul Ball, location: 2F
0-1: Ball
1-1: Ball
2-1: Foul Ball, location: 2F
2-2: Foul Ball, location: 2F
2-2: Ground out 6-3 (Groundball, 6, EV 108.1 MPH)
Batting: RHB Jesus Baires 0-0: Foul Ball, location: 2F
0-1: Called Strike
0-2: Ball
1-2: Ground out 5-3 (Groundball, 56, EV 104.4 MPH)
Batting: RHB Jesse Haddad 0-0: Called Strike
0-1: Ball
1-1: Foul Ball, location: 2F
1-2: Foul Ball, location: 2F
1-2: Ball
2-2: Ball
3-2: Foul Ball, location: 2F
3-2: Ground out 5-3 (Groundball, 56S, EV 68.1 MPH)
Bottom of the 8th over - 0 runs, 0 hits, 0 errors, 0 left on base; Minnesota (NYP) 6 - Hudson Valley 13
TOP OF THE 9TH
Minnesota (NYP) Twins batting - Pitching for Hudson Valley Renegades : RHP Chris Marino
Now at 2B: Orlando Herrera
Now at 3B: Khalil Walker
Now at SS: Josif Popovski
Batting: LHB Seung-jun Chang 0-0: Swinging Strike
0-1: Foul Ball, location: 2F
0-2: Strikes out swinging
Batting: SHB Donell Burney 0-0: Called Strike
0-1: Ball
1-1: Ball
2-1: SINGLE (Groundball, 3D, EV 111.3 MPH)
Batting: LHB Chris Munguia 0-0: Ball
1-0: Ball
2-0: Called Strike
2-1: Called Strike
2-2: SINGLE (Groundball, 3S, EV 70.6 MPH) (infield hit)
Donell Burney to second
Batting: RHB David Nardone 0-0: Called Strike
0-1: Ball
1-1: Fly out, F8 (Flyball, 8RM, EV 95.0 MPH)
Batting: RHB Miguel Diaz 0-0: Ball
1-0: Ball
2-0: Swinging Strike
2-1: Called Strike
2-2: Strikes out looking
Top of the 9th over - 0 runs, 2 hits, 0 errors, 2 left on base; Minnesota (NYP) 6 - Hudson Valley 13
Thursday, March 31st , 2022 - OOTP Baseball 22.12 Build 89